Unix NetHack Version 5.0.0-0 post-release - last build Jun 10 2026 00:39:30 (3ee93aec679c4c4259841fe613dc97188e26a321,branch:main).

Game began 2026-06-21 06:36:20, ended 2026-06-21 07:01:27.

LDaviesPeters, neutral female human Archeologist

   ----+-
   |....-##
   |...>| #
   ----.- #
     ###  ##
     #     #     ---------
     #     ######|.......|
     #          #|.......|   `############         #
     #          #........|        -------.-    #####
     #           |.......|        |.....<.-   ####
     #       ### |.......| #######........|   ## ##a#
  ---|----  ##   |........##      |.......|  ##     @
  |......|  #    -+-------########.........###      e#
  |......|  #                     ---------            -.
  |.......###                                           --
  |......|
  --------

LDaviesPeters the Field Worker  St:15 Dx:9 Co:13 In:12 Wi:17 Ch:11  Neutral
Dlvl:4  $:6  HP:0(36) Pw:17(17) AC:3  Xp:4 T:2252 

Latest messages:
 The little dog misses the kobold mummy.
 You lash the kobold mummy.
 The kobold mummy hits!
 The little dog misses the kobold mummy.
 You miss the kobold mummy.
 The kobold mummy hits!
 The little dog misses the kobold mummy.
 The little dog misses the kobold mummy.
 You destroy the kobold mummy!
 You see here a mummy wrapping.
 You see here a mummy wrapping.
 R - a mummy wrapping.
 You kill the large kobold!
 You find a hidden door.
 The door opens.
 KABOOM!!  The door was booby-trapped!
 You stagger...
 You feel a bit steadier now.
 You stop.  Your little dog is in the way!
 With great effort you move the boulder.
 You try to move the boulder, but in vain.
 You try to move the boulder, but in vain.
 You stop.  Your little dog is in the way!
 You swap places with your little dog.
 The door opens.
 You find a hidden passage.
 You swap places with your little dog.
 You stop.  Your little dog is in the way!
 You lash the floating eye.
 You are frozen by the floating eye's gaze!
 It bites the dwarf zombie.
 The dwarf zombie misses it.
 It misses the dwarf zombie.
 It misses the dwarf zombie.
 The giant ant bites!
 The giant ant bites!
 The giant ant bites!
 The giant ant bites!
 The giant ant bites!
 The giant ant bites!
 The giant ant bites!
 The giant ant bites!
 The giant ant bites!
 The giant ant bites!
 The giant ant bites!
 The giant ant bites!
 The giant ant bites!
 The giant ant bites!
 You die...
 Do you want your possessions identified? [ynq] (y) q

Inventory:
 Coins    ('$')
  $ - 6 gold pieces
 Amulets  ('"')
  B - an uncursed amulet of flying
  I - a blessed amulet versus poison (being worn)
 Weapons  (')')
  l - a blessed +1 dart
  O - a +0 dagger
  F - a +0 elven dagger
  C - 2 +0 orcish daggers
  a - a +2 bullwhip (weapon in right hand)
 Armor    ('[')
  E - a blessed +1 orcish helm (being worn)
  R - an uncursed +0 mummy wrapping
  N - an uncursed +0 elven mithril-coat (being worn)
 Comestibles  ('%')
  d - 6 uncursed food rations
  t - an uncursed tripe ration
 Rings    ('=')
  P - an uncursed ring of cold resistance (on left hand)
 Wands    ('/')
  z - a wand of slow monster (0:5)
 Tools    ('(')
  b - an uncursed sack containing 6 items
  i - a magic marker (0:21)
  p - a +0 pick-axe
  k - an uncursed skeleton key
  f - a tinning kit (0:93)
 Gems/Stones  ('*')
  g - an uncursed touchstone

Contents of the sack:
  316 gold pieces
  a cursed scroll of confuse monster
  a blessed scroll of identify
  an uncursed scroll of identify
  a potion of unholy water
  an uncursed potion of extra healing

LDaviesPeters the Archeologist's attributes:

Background:
 You were a Field Worker, a level 4 female human Archeologist.
 You were neutral, on a mission for Camaxtli
 who was opposed by Quetzalcoatl (lawful) and Huhetotl (chaotic).
 You were right-handed.
 You were in the Dungeons of Doom, on level 4.
 You entered the dungeon 2252 turns ago.
 You had 133 experience points, 27 more were needed to attain level 5.

Basics:
 You had 0 out of 36 hit points.
 You had all 17 energy points (spell power).
 Your armor class was 3.
 Your wallet contained 6 zorkmids, and
 you had 316 more stashed away in your pack.
 Autopickup was off.

Final Characteristics:
 Your strength was 15 (limit:18/100).
 Your dexterity was 9 (limit:18).
 Your constitution was 13 (limit:18).
 Your intelligence was 12 (limit:18).
 Your wisdom was 17 (limit:18).
 Your charisma was 11 (limit:18).

Final Status:
 You weren't hungry.
 You were unencumbered.
 You were wielding a whip.
 You had basic skill with whip.

Final Attributes:
 You were piously aligned.
 You were cold resistant.
 Your items were protected from cold.
 You were poison resistant.
 You had automatic searching.
 You were guarded.
 You are dead.

Miscellaneous:
 You didn't encounter any bones levels.
 Total elapsed playing time was 25 minutes and 7 seconds.

Major events:
 Turn
    1: LDaviesPeters the neutral female human Archeologist entered the dungeon
 1089: attained the rank of Field Worker (level 3)
 1113: entered the Gnomish Mines
 2252: killed by a giant ant, while frozen by a floating eye's gaze

You didn't know any spells.

Skills:
 Fighting Skills
   bare handed combat [Unskilled]
   two weapon combat  [Unskilled]
   riding             [Unskilled]
 Weapon Skills
   dagger             [Unskilled]
   knife              [Unskilled]
   pick-axe           [Basic]
   short sword        [Unskilled]
   saber              [Unskilled]
   club               [Unskilled]
   quarterstaff       [Unskilled]
   sling              [Unskilled]
   dart               [Unskilled]
   boomerang          [Unskilled]
   whip               [Basic]
   unicorn horn       [Unskilled]
 Spellcasting Skills
   attack spells      [Unskilled]
   healing spells     [Unskilled]
   divination spells  [Unskilled]
   matter spells      [Unskilled]

Voluntary challenges:
 Character rerolling was not enabled.
 You never genocided any monsters.
 You never polymorphed an object.
 You never changed form.
 You used no wishes.
Achievements:
 You entered a shop.
 You attained the rank of Field Worker.
 You entered the Gnomish Mines.

 The Dungeons of Doom: levels 1 to 5
    Level 1:
    Level 2:
       A general store, a fountain.
       Stairs down to The Gnomish Mines.
    Level 3:
       An altar, a fountain.
    Level 4: <- You were here.
       Final resting place for
          you, killed by a giant ant, while frozen by a floating eye's gaze.
    Level 5:
 The Gnomish Mines:
    Level 3:


Vanquished creatures:
  a gnome leader
  a kobold mummy
  a homunculus
  2 wererats
  3 hobbits
  a large kobold
  a brown mold
  a yellow mold
  2 geckos
  7 jackals
  a fox
  3 goblins
  2 grid bugs
  8 lichens
  2 kobold zombies
  5 newts
41 creatures vanquished.

No species were genocided or became extinct.

Game over:
                       ----------
                      /          \
                     /    REST    \
                    /      IN      \
                   /     PEACE      \
                  /                  \
                  |  LDaviesPeters   |
                  |      322 Au      |
                  |   killed by a    |
                  |    giant ant     |
                  |                  |
                  |                  |
                  |       2026       |
                 *|     *  *  *      | *
        _________)/\\_//(\/(/\)/\//\/|_)_______

Goodbye LDaviesPeters the Archeologist...

You died in The Dungeons of Doom on dungeon level 4 with 1022 points,
and 322 pieces of gold, after 2252 moves.
You were level 4 with a maximum of 36 hit points when you died.

